 Dungeon Crawl Stone Soup version 0.31.0-32-g396128a36d (webtiles) character file.

Game seed: 7681508161886987323

2498 PaiMei the Purveyor of Pain (level 9, 0/68 (69) HPs)
             Began as a Demonspawn Necromancer on Apr 24, 2024.
             Was an Initiate of Kikubaaqudgha.
             Slain by Psyche
             ... wielding a +3 dagger of chaos
              (7 damage)
             ... on level 7 of the Dungeon.
             The game lasted 00:15:09 (10297 turns).

PaiMei the Purveyor of Pain (DsNe)                 Turns: 10297, Time: 00:15:10

HP:   0/68 (69)     AC:  4    Str:  9    XL:     9   Next: 28%
MP:   0/18          EV: 16    Int: 25    God:    Kikubaaqudgha [......]
Gold: 551           SH:  0    Dex: 14    Spells: 12/20 levels left

rFire   . . .        x - +9 short sword "Evidat" {freeze, Int+6}
rCold   . . .        (no shield)
rNeg    . . .        y - +2 robe {Will+}
rPois   .            (helmet restricted)
rElec   .            w - +1 cloak
rCorr   .            (no gloves)
SInv    .            j - +1 pair of boots
Will    +....        (no amulet)
Stlth   ++           (no ring)
HPRegen 0.31/turn    (no ring)
MPRegen 0.16/turn

%: no passive effects
@: corroded, slowed, lightly drained, very slow
A: antennae 1, repulsion field 1, demonic magic 2
a: Renounce Religion


You were on level 7 of the Dungeon.
You worshipped Kikubaaqudgha.
Kikubaaqudgha was noncommittal.
You visited 2 branches of the dungeon, and saw 9 of its levels.
You also visited: Ossuary.

You collected 551 gold pieces.

Inventory:

Hand Weapons
 v - a +1 orcbow of freezing
 x - the +9 short sword "Evidat" (weapon) {freeze, Int+6}
   (You found it on level 4 of the Dungeon)

   Int+6:     It affects your intelligence (+6).
Missiles
 d - 4 throwing nets
 m - 23 poisoned darts (quivered)
Armour
 j - a +1 pair of boots (worn)
 w - a +1 cloak (worn)
 y - a +2 robe of willpower (worn)
 D - a +0 troll leather armour
Jewellery
 s - a ring of flight
 z - a ring of fire
 B - a ring of resist corrosion
Wands
 c - a wand of mindburst (28)
 n - a wand of digging (4)
 A - a wand of roots (17)
Scrolls
 a - 2 scrolls of blinking {unknown}
 g - a scroll of summoning {unknown}
 h - 3 scrolls of fog {unknown}
 i - 2 scrolls of amnesia {unknown}
 l - 8 scrolls of teleportation {unknown}
 o - 3 scrolls of torment {unknown}
 p - 5 scrolls of identify {unknown}
 r - 3 scrolls of vulnerability {unknown}
 C - a scroll of enchant weapon {unknown}
 E - a scroll of fear {unknown}
Potions
 b - a potion of magic
 e - 2 potions of degeneration {unknown}
 f - a potion of curing
 k - 2 potions of attraction {unknown}
 q - a potion of ambrosia {unknown}
 t - 5 potions of lignification {unknown}
 u - a potion of brilliance {unknown}


   Skills:
 + Level 6.0 Fighting
 + Level 6.0 Dodging
 - Level 2.0 Stealth
 + Level 6.0 Spellcasting
 + Level 8.2 Necromancy


You had 12 spell levels left.
You knew the following spells:

 Your Spells              Type           Power      Damage    Failure   Level
a - Necrotise             Necr           100%       1d9       1%          1
b - Vampiric Draining     Necr           48%        2d9       1%          3
c - Animate Dead          Necr           48%        N/A       2%          4

Your spell library contained the following spells:

 Spells                   Type           Power      Damage    Failure   Level
 Curse of Agony           Necr           48%        N/A       7%          5
 Freeze                   Ice            28%        1d5       8%          1
 Slow                     Hex            28%        N/A       8%          1
 Blink                    Tloc           14%        N/A       11%         2
 Lesser Beckoning         Tloc           14%        N/A       11%         2
 Momentum Strike          Conj/Tloc      14%        3d8       11%         2
 Martyr's Knell           Necr/Summ      28%        N/A       14%         4
 Confusing Touch          Hex            7%         N/A       22%         3
 Frozen Ramparts          Ice            14%        1d3       22%         3
 Hailstorm                Conj/Ice       7%         3d5       22%         3
 Sigil of Binding         Hex            7%         N/A       22%         3


Dungeon Overview and Level Annotations

Branches:
Dungeon (8/15)             Temple (1/1) D:6         Ossuary (visited)
   Lair: D:8-11

Altars:
Ashenzari
Cheibriados
Dithmenos
Fedhas
Gozag
Hepliaklqana
Kikubaaqudgha
Makhleb
Okawaru
Qazlal
Ru
Sif Muna
Trog
Uskayaw
Vehumet

Shops:
D:3 :

Annotations:
D:7 Psyche
D:8 Pikel


Innate Abilities, Weirdness & Mutations

You have a pair of small antennae on your head.
You are surrounded by a mild repulsion field. (EV +2)
Spells you cast may paralyse nearby enemies.


Message History

Press: ? - help, Shift-Dir - straight line, f/p - Psyche
Aim: Psyche, wielding a +3 dagger of chaos and wearing a +2 robe of positive energy (lightly wounded, chance to affect: 52%) Psyche writhes in agony.
Malevolent energies surge around you.
Psyche laughs secretively.
Psyche looks braver for a moment.
Psyche hits you with a +3 dagger of chaos.
You are poisoned.
You hit Psyche. You freeze Psyche.
Psyche is moderately wounded.
You feel very sick. Psyche closely misses you. x2
You hit Psyche. You freeze Psyche.
Psyche is heavily wounded.
You feel sick.
Psyche mumbles some strange words.
Psyche flickers and vanishes!
Deactivating autopickup; reactivate with Ctrl-A.
Something hits you.
You are electrocuted!
Casting: Necrotise (safe; 1% risk of failure)
Confirm with . or Enter, or press ? or * to list all spells.
You can't see any susceptible monsters within range! (Use Z to cast anyway.)
Casting: Necrotise (safe; 1% risk of failure)
Confirm with . or Enter, or press ? or * to list all spells.
Aiming: Necrotise (safe; 1% risk of failure)
Press: ? - help, Shift-Dir - straight line Nothing appears to happen.
Malevolent energies surge around you.
You feel sick. Something hits you.
* * * LOW HITPOINT WARNING * * *
Something hits you.
* * * LOW HITPOINT WARNING * * *
Something burns you.
* * * LOW HITPOINT WARNING * * *
You hit something. You freeze something.
You feel sick. Something hits you.
* * * LOW HITPOINT WARNING * * *
You are lethally poisoned!
Something hits you.
* * * LOW HITPOINT WARNING * * *
You feel better. Something hits you!
You die...
Kikubaaqudgha rasps: "You have failed me!
Welcome... death!"

..###.......####.................
............# #........[........
##..........####.................
##..................##..........
#..................###.........
#..######.........>............
#..# ##..................... #..#
#..................... ##.##
##..{@................ ##..#
##........#######..... ##..#
##......#..## ###... .#..#
##.......##..# ##.. ....#
####..#.....##..## ##...
....###......#....###..# ##....
.........#...##....##..## ##....#
......#####..###...###..###....##
...(...# ##..##.....#........##.


There were no monsters in sight!

Vanquished Creatures
  A troll (D:8)
  A hornet (D:8)
  Sigmund (D:3)
  Eustachio (D:5)
  A steam dragon (D:6)
  An ogre (D:5)
  2 black bears
  A centaur (D:5)
  A phantom (D:4)
  An elf zombie (Ossuary)
  2 bullfrogs
  A kobold brigand (D:8)
  4 scorpions
  A jelly (D:5)
  8 hounds
  Crazy Yiuf (D:4)
  A human zombie (Ossuary)
  3 iguanas
  4 mummies (Ossuary)
  8 gnolls (D:3)
  7 adders
  A white imp (D:7)
  An adder zombie (Ossuary)
  2 dart slugs
  4 ribbon worms
  5 orcs
  7 ball pythons
  5 bats
  6 endoplasms
  2 giant cockroaches
  12 goblins
  17 hobgoblins
  13 jackals
  3 quokkas
  4 frilled lizards
  A gnoll zombie (Ossuary)
  A hobgoblin zombie (Ossuary)
  4 jackal zombies (Ossuary)
  10 kobolds
  A kobold zombie (Ossuary)
  6 rats (D:1)
  2 rat zombies (Ossuary)
158 creatures vanquished.

Vanquished Creatures (collateral kills)
  A frilled lizard (D:1)
  A rat (D:1)
2 creatures vanquished.

Grand Total: 160 creatures vanquished

Notes
Turn   | Place    | Note
-------+----------+-------------------------------------------
     0 | D:1      | PaiMei the Demonspawn Necromancer began the quest for the
                  | Orb.
     0 | D:1      | Reached XP level 1. HP: 13/13 MP: 3/3
   218 | D:1      | Gained mutation: Spells you cast may paralyse adjacent
                  | enemies. [demonic ancestry]
   218 | D:1      | Reached XP level 2. HP: 14/19 MP: 0/5
   996 | D:1      | Gained mutation: You have a pair of small antennae on your
                  | head. [demonic ancestry]
   996 | D:1      | Reached XP level 3. HP: 17/25 MP: 0/6
  1277 | D:2      | Reached skill level 1 in Fighting
  1785 | D:2      | Found a broken altar of Ashenzari.
  2189 | D:2      | Reached XP level 4. HP: 4/32 MP: 0/7
  2643 | D:3      | Reached skill level 5 in Necromancy
  2994 | D:3      | Found a faded altar of an unknown god.
  3025 | D:3      | Gained mutation: You are surrounded by a mild repulsion
                  | field. (EV +2) [demonic ancestry]
  3025 | D:3      | Reached XP level 5. HP: 35/38 MP: 6/9
  3560 | D:3      | Found a stormy altar of Qazlal.
  3764 | D:3      | Noticed Sigmund
  3873 | D:3      | Found Givino's Book Boutique.
  4004 | D:3      | Reached XP level 6. HP: 46/46 MP: 6/11
  4344 | D:4      | Found a runed translucent door.
  4345 | D:4      | Noticed Crazy Yiuf
  4533 | D:4      | Learned a level 3 spell: Vampiric Draining
  4568 | D:4      | Learned a level 4 spell: Animate Dead
  4573 | D:4      | Identified the +9 short sword "Evidat" {freeze, Int+6}
  5532 | D:5      | Entered Level 5 of the Dungeon
  5768 | D:5      | Reached skill level 6 in Necromancy
  5829 | D:5      | Reached XP level 7. HP: 52/52 MP: 1/12
  6406 | D:5      | Noticed Eustachio
  6514 | D:5      | HP: 2/53 [iguana (4)]
  6791 | D:4      | Reached XP level 8. HP: 38/60 MP: 3/14
  6984 | D:5      | Killed Eustachio
  6985 | D:5      | Reached skill level 7 in Necromancy
  7520 | D:4      | Killed Crazy Yiuf
  7521 | D:4      | Reached skill level 5 in Spellcasting
  7714 | D:3      | Killed Sigmund
  7715 | D:3      | Reached skill level 5 in Dodging
  7835 | D:6      | Found a staircase to the Ecumenical Temple.
  7844 | Temple   | Entered the Ecumenical Temple
  7850 | Temple   | Became a worshipper of Kikubaaqudgha
  7909 | D:6      | Reached skill level 5 in Fighting
  8069 | D:6      | Found a sand-covered staircase.
  8098 | Ossuary  | Entered an ossuary
  9488 | D:7      | Found a hazy altar of Hepliaklqana.
  9522 | D:7      | Gained mutation: Spells you cast may paralyse nearby
                  | enemies. [demonic ancestry]
  9522 | D:7      | Reached XP level 9. HP: 58/68 MP: 10/17
  9999 | D:8      | Noticed a troll
 10010 | D:8      | Killed a troll
 10011 | D:8      | Reached skill level 8 in Necromancy
 10276 | D:8      | Noticed Pikel
 10278 | D:8      | Noticed Psyche
 10296 | D:7      | HP: 1/68 [something (3)]
 10297 | D:7      | Slain by Psyche

Illustrated notes

Levels and vault maps discovered:
D:1:      psy_arrival_spokes, layout_loops_corners
D:2:      layout_loops_corners, basic_altar, chequers_serial_rivers_micro_d
D:3:      cheibrodos_greedy_goblins, layout_basic, general_overflow_altar,
          serial_shops, shop, ebering_ecumenical_altar_petrified, uniq_sigmund
D:4:      layout_basic, minmay_misc_feat_four_crosses, serial_park_tiny_2,
          hex_intersection, uniq_crazy_yiuf_cottage
D:5:      layout_rooms, serial_library_hellmonk_long_bookcase, uniq_eustachio
D:6:      layout_basic, minmay_temple_entry_mini_moons,
          nicolae_ossuary_entry_ruins, hangedman_abyss_or_decor_stabs
D:7:      layout_layer_cave, mainiacjoe_overflow_alcove_4
D:8:      layout_rooms, yredelemnul_forgotten_temple_becter,
          overflow_temple_1_default, enter_bailey_2, ebering_ghost_xom,
          lemuel_flamethrower_1, uniq_pikel, uniq_psyche, uniq_joseph
Temple:   hellmonk_temple_two_chambers

Skill      XL: |  1  2  3  4  5  6  7  8  9 |
---------------+----------------------------+-----
Stealth        | 2 |  2.0
Dodging        | 2 3 4 5 6 |  6.0
Fighting       | 1 2 3 4 5 6 |  6.0
Necromancy     | 5 6 7 8 |  8.2
Spellcasting   | 3 4 5 6 |  6.0

Action                     |  1- 3 |  4- 6 |  7- 9 || total
---------------------------+-------+-------+-------++-------
  Melee: Club              |    56 |       |       ||    56
         Punch             |     1 |       |     2 ||     3
         Spear             |       |    28 |    51 ||    79
         Short sword       |       |       |    98 ||    98
  Throw: Dart              |       |       |     1 ||     1
   Cast: Necrotise         |    82 |   124 |    61 ||   267
         Vampiric Draining |       |    10 |    43 ||    53
  Evoke: Wand              |       |       |     3 ||     3
    Use: Potion            |       |       |     2 ||     2
   Stab: Paralysed         |     6 |    14 |    18 ||    38
         Distracted        |     1 |       |       ||     1
         Sleeping          |       |       |     1 ||     1
 Armour: Robe              |    46 |    34 |   219 ||   299
  Dodge: Dodged            |    42 |    39 |   340 ||   421
